 Dungeon Crawl Stone Soup version 0.30-a0-715-gdb4ae3ece1 (webtiles) character file.

Game seed: 13534886137658928228

141 acebull12 the Covered (level 5, 0/46 HPs)
             Began as a Minotaur Fighter on Jan 24, 2023.
             Slain by an orc
             ... wielding a +0 short sword
              (3 damage)
             ... on level 3 of the Dungeon.
             The game lasted 00:03:01 (1929 turns).

acebull12 the Covered (Minotaur Fighter)            Turns: 1929, Time: 00:03:01

Health: 0/46       AC: 11    Str: 22    XL:     5   Next: 3%
Magic:  4/4        EV:  9    Int:  5    God:
Gold:   125        SH:  4    Dex: 10    Spells: 4/4 levels left

rFire   . . .      SeeInvis .    a - +0 war axe
rCold   . . .      Faith    .    c - +0 buckler
rNeg    . . .      Spirit   .    b - +0 scale mail
rPois   .          Reflect  .    (helmet restricted)
rElec   .          Harm     .    (no cloak)
rCorr   .          Rampage  .    (no gloves)
Will    .....                    (no boots) Stlth
                                 (no amulet)
HPRegen 0.27/turn                f - +4 ring of protection
MPRegen 0.09/turn                (no ring)

@: no status effects
A: horns 2, retaliatory headbutt
a: no special abilities


You were on level 3 of the Dungeon.
You visited 1 branch of the dungeon, and saw 3 of its levels.

You collected 125 gold pieces.

Inventory:

Hand Weapons
 a - a +0 war axe (weapon)
Missiles
 i - a throwing net (quivered)
 q - 19 stones
 r - 3 poisoned darts
Armour
 b - a +0 scale mail (worn)
 c - a +0 buckler (worn)
Jewellery
 f - a +4 ring of protection (left hand)
Wands
 p - a wand of acid (8)
Scrolls
 e - 3 scrolls of immolation {unknown}
 g - a scroll of teleportation {unknown}
 k - 2 scrolls of identify {unknown}
 m - a scroll of blinking {unknown}
 o - a scroll of enchant armour {unknown}
 u - a scroll of noise {unknown}
 v - 3 scrolls of poison {unknown}
Potions
 d - a potion of might
 h - 2 potions of mutation {unknown}
 j - a potion of ambrosia {unknown}
 l - a potion of curing {unknown}
 n - a potion of heal wounds {unknown}
 s - 2 potions of lignification {unknown}
 t - a potion of berserk rage {unknown}


   Skills:
 + Level 4.1 Fighting
 * Level 4.7 Axes
 * Level 4.8 Armour
 + Level 0.4 Dodging
 + Level 4.0 Shields


You had 4 spell levels left.
You didn't know any spells.
Your spell library contained the following spells:

 Spells                   Type           Power      Damage    Failure   Level
 Freeze                   Ice            0%         1d3       86%         1
 Frozen Ramparts          Ice            0%         1d1       99%         3
 Hailstorm                Conj/Ice       0%         3d3       99%         3


Dungeon Overview and Level Annotations

Branches:
Dungeon (3/15)

Altars:
Xom
Yredelemnul

Annotations:
D:3 Grinder


Innate Abilities, Weirdness & Mutations

You have a pair of horns on your head.
You reflexively headbutt those who attack you in melee.


Message History

The orc is heavily wounded.
You slash the orc!
You kill the orc!
You hit the orc. The orc hits you but does no damage. x2
You closely miss the orc.
The orc is heavily wounded.
You closely miss the orc priest. You hit the orc but do no damage.
The orc priest invokes the aid of Beogh against you.
Pain shoots through your body! You block the orc's attack.
The orc hits you but does no damage. The orc barely misses you.
You furiously retaliate!
You headbutt the orc!
You kill the orc!
The orc priest closely misses you.
A rat comes into view.
The orc hits you with a +0 short sword.
* * * LOW HITPOINT WARNING * * *
You closely miss the orc priest. Your headbutt misses the orc priest.
You barely miss the orc. You closely miss the orc. You completely miss Grinder.
The orc hits you but does no damage.
Grinder blinks!
The orc hits you but does no damage.
Grinder blinks!
The orc hits you with a +0 short sword.
* * * LOW HITPOINT WARNING * * *
You closely miss the orc priest.
The orc priest begins to cast a cantrip, but forgets the words!
You closely miss the orc priest. You closely miss the orc. You hit the orc.
The orc hits you with a +0 hand axe.
* * * LOW HITPOINT WARNING * * *
The orc hits you but does no damage. You block the orc priest's attack.
The orc hits you but does no damage. The orc closely misses you.
You slash the orc priest! Your headbutt misses the orc priest.
The orc priest is almost dead.
You slash the orc!
You kill the orc!
You completely miss the orc. You slash the orc!
You kill the orc!
The orc priest mumbles some strange prayers to Beogh against you.
Pain shoots through your body!
* * * LOW HITPOINT WARNING * * *
The orc hits you with a +0 short sword.
You die...

#######
#..............
......#
..####)########
#####.# ##.#
#.# #..# #.#
#..# #.# # #..#
#_# ##.
###..####.#
#...#...o.....#
..
......#.#@##..#
##
......†.)o)...#
......).#.###.#
......))..# #.#
......5.### #.#
........# #..
#.......# ###
...#..#.#
##.##.#5#


You could see Grinder, an orc priest and an orc.

Vanquished Creatures
  An orc wizard (D:3)
  4 adders
  A dart slug (D:2)
  13 orcs
  5 endoplasms
  3 giant cockroaches (D:1)
  7 hobgoblins
  6 jackals
  2 kobolds
  4 quokkas
  3 ball pythons
  3 bats
  5 frilled lizards
  5 goblins
  4 rats
66 creatures vanquished.

Notes
Turn   | Place    | Note
-------+----------+-------------------------------------------
     0 | D:1      | acebull12 the Minotaur Fighter began the quest for the Orb.
     0 | D:1      | Reached XP level 1. HP: 19/19 MP: 0/0
   233 | D:1      | Reached XP level 2. HP: 25/27 MP: 1/1
   564 | D:1      | Reached XP level 3. HP: 33/33 MP: 2/2
   994 | D:2      | Reached XP level 4. HP: 40/40 MP: 3/3
  1303 | D:2      | Found a basalt altar of Yredelemnul.
  1892 | D:3      | Found a shimmering altar of Xom.
  1913 | D:3      | Noticed Grinder
  1920 | D:3      | Reached XP level 5. HP: 30/46 MP: 4/4
  1929 | D:3      | Slain by an orc

Illustrated notes

Levels and vault maps discovered:
D:1:      amcnicky_arrival_double_pillar, layout_loops_cross
D:2:      layout_basic, basic_altar
D:3:      layout_loops_ring, overflow_temple_1_default, minmay_circle_x,
          uniq_grinder

Skill      XL: |  1  2  3  4 |
---------------+-------------+-----
Armour         | 4 |  4.8
Axes           | 3 4 |  4.7
Fighting       | 4 |  4.1
Shields        | 4 |  4.0
Dodging        | |  0.4

Action                     |  1- 3 |  4- 6 || total
---------------------------+-------+-------++-------
  Melee: War axe           |    75 |    57 ||   132
         Headbutt          |     8 |     4 ||    12
 Armour: Scale mail        |    46 |    39 ||    85
  Dodge: Dodged            |    37 |    31 ||    68
  Block: Buckler           |    14 |    19 ||    33

Table legend: (Time is in decaauts)
 A = Elapsed time spent in this place.
 B = Non-inter-level travel time spent in this place.
 C = Inter-level travel time spent in this place.
 D = Time resting spent in this place.
 E = Time spent auto-exploring this place.
 F = Levels seen in this place.
 G = Mean time per level.
                   A        B        C        D        E       F      G
               +--------+--------+--------+--------+--------+-----+--------+
         Total |   1977 |   1918 |     59 |      0 |   1559 |   3 |  659.0 |
       Dungeon |   1977 |   1918 |     59 |      0 |   1559 |   3 |  659.0 |
               +--------+--------+--------+--------+--------+-----+--------+

Top non-repeatable levels by time:
     D:2: 1002 daAuts
     D:1: 786 daAuts
     D:3: 188 daAuts
